 Dungeon Crawl Stone Soup version 0.27-a0-1139-g28e009f8a6 (webtiles) character file.

Game seed: 1402789346277589706

16 jestyr24 the Caller (level 2, -2/19 HPs)
             Began as a Merfolk Summoner on May 7, 2021.
             Succumbed to an adder's poison
             ... on level 1 of the Dungeon.
             The game lasted 00:10:40 (790 turns).

jestyr24 the Caller (Merfolk Summoner)               Turns: 790, Time: 00:10:41

Health: -2/19      AC:  2    Str:  8    XL:     2   Next: 58%
Magic:  2/5        EV: 12    Int: 14    God:
Gold:   72         SH:  0    Dex: 14    Spells: 4/5 levels left

rFire    . . .     SeeInvis .   f - +0 dagger
rCold    . . .     Faith    .   (no shield)
rNeg     . . .     Spirit   .   a - +0 robe
rPois    .         Reflect  .   (no helmet)
rElec    .         Harm     .   (no cloak)
rCorr    .         Rampage  .   (no gloves)
Will     .....                  (no boots)
Stlth    ++........             (no amulet)
HPRegen  0.06/turn              (no ring)
MPRegen  0.09/turn              (no ring)

@: lethally poisoned (-2 -> -10)
A: (nimble swimmer 2), mertail
a: no special abilities


You were on level 1 of the Dungeon.
You visited 1 branch of the dungeon, and saw 2 of its levels.

You collected 72 gold pieces.

Inventory:

Hand Weapons
 e - a +0 whip
 f - a +0 dagger (weapon)
 i - a +0 dagger
Missiles
 g - 3 boomerangs
Armour
 a - a +0 robe (worn)
 d - a +0 helmet
Jewellery
 c - an amulet of faith
Scrolls
 h - a scroll of vulnerability {unknown}
 j - 5 scrolls of enchant weapon {unknown}
Potions
 b - a potion of curing {unknown}


   Skills:
 + Level 2.8 Dodging
 + Level 2.1 Stealth
 + Level 2.2 Spellcasting
 + Level 4.4 Summonings


You had 4 spell levels left.
You knew the following spells:

 Your Spells              Type           Power      Damage    Failure   Level
a - Summon Small Mammal   Summ           56%        N/A       3%          1

Your spell library contained the following spells:

 Spells                   Type           Power      Damage    Failure   Level
 Call Imp                 Summ           14%        N/A       5%          2
 Call Canine Familiar     Summ           14%        N/A       11%         3
 Summon Guardian Golem    Hex/Summ       7%         N/A       28%         3
 Summon Ice Beast         Ice/Summ       7%         N/A       67%         4
 Summon Lightning Spire   Summ/Air       7%         N/A       67%         4


Dungeon Overview and Level Annotations

Branches:
Dungeon (2/15)

Altars:


Innate Abilities, Weirdness & Mutations

((You are quick and stealthy near water. (Stealth+, EV+, Speed+++)))
Your lower body shifts to a powerful aquatic tail in water.


Message History

Attack!
The jackal bites you.
Your quokka barely misses the jackal.
Your bat hits the jackal but does no damage.
Casting: Summon Small Mammal (safe; 3% risk of failure)
Confirm with . or Enter, or press ? or * to list all spells.
Your bat misses the jackal. The jackal closely misses you.
Your quokka bites the jackal.
A jackal comes into view. x2
The jackal bites you but does no damage.
You closely miss the jackal.
The jackal is heavily wounded.
Your bat hits the jackal.
Your bat barely misses the jackal.
Your quokka bites the jackal but does no damage.
The adder bites you.
You closely miss the jackal.
The jackal is severely wounded.
Your bat closely misses the jackal.
The jackal bites you.
Your bat hits the jackal. The adder bites you.
You are poisoned.
The adder poisons you! The jackal completely misses your bat.
You closely miss the jackal.
The jackal is almost dead.
You feel sick.
Your bat closely misses the jackal.
Your bat misses the adder.
Your bat hits the jackal but does no damage.
The jackal closely misses you.
Your quokka misses the jackal. The jackal barely misses your bat.
The adder bites you.
You are lethally poisoned!
The adder poisons you!
Your bat hits the jackal. The jackal completely misses your bat.
Your quokka completely misses the jackal.
Unknown command.
* * * LOW HITPOINT WARNING * * *
You feel sick.
Your bat hits the jackal but does no damage.
Your bat barely misses the jackal.
The adder barely misses you.
Your bat closely misses the jackal.
Your bat misses the jackal. The jackal barely misses your bat.
Your quokka misses the jackal. The jackal bites your bat. The adder bites you.
* * * LOW HITPOINT WARNING * * *
You climb upwards.
Your summoned allies are left behind.
You die...

#.# #.....# ## #.#
#.....# #.# ###.###
#.# #...# #.# #...#
#.# #...#### #.#
#.......
##.############.####.#
#....@S..............#
#.##########..........
### #...........
###.#........# #####
#............† #...#
#..###########
#...###..# ##
#...##...# ######.
#........# ##......


You could see an adder.

Vanquished Creatures
  A goblin (D:1)
  A jackal (D:1)
2 creatures vanquished.

Vanquished Creatures (collateral kills)
  An endoplasm (D:1)
  2 goblins (D:1)
  2 hobgoblins (D:1)
  5 jackals (D:1)
  3 kobolds
  2 quokkas (D:1)
  2 ball pythons (D:1)
  4 rats (D:1)
21 creatures vanquished.

Grand Total: 23 creatures vanquished

Notes
Turn   | Place    | Note
-------+----------+-------------------------------------------
     0 | D:1      | jestyr24 the Merfolk Summoner began the quest for the Orb.
     0 | D:1      | Reached XP level 1. HP: 13/13 MP: 3/3
   348 | D:1      | Reached XP level 2. HP: 19/19 MP: 0/5
   790 | D:1      | Succumbed to an adder's poison

Illustrated notes

Levels and vault maps discovered:
D:1:      dpeg_arrival_windows_large_door, layout_rooms
D:2:      minmay_chambers_of_twos, layout_rooms, serial_shops,
          nicolae_shop_waterfront, minmay_cupped, uniq_natasha

Action                   || total
-------------------------++-------
Melee: Dagger            ||    18
 Cast: Summon Small Mamm ||    29
 Stab: Distracted        ||     1
Armor: Robe              ||     2
Dodge: Dodged            ||    15

Table legend: (Time is in decaauts)
 A = Elapsed time spent in this place.
 B = Non-inter-level travel time spent in this place.
 C = Inter-level travel time spent in this place.
 D = Time resting spent in this place.
 E = Time spent auto-exploring this place.
 F = Levels seen in this place.
 G = Mean time per level.
                   A        B        C        D        E       F      G
               +--------+--------+--------+--------+--------+-----+--------+
         Total |    789 |    789 |      0 |    118 |    348 |   2 |  394.5 |
       Dungeon |    789 |    789 |      0 |    118 |    348 |   2 |  394.5 |
               +--------+--------+--------+--------+--------+-----+--------+

Top non-repeatable levels by time:
     D:1: 757 daAuts
     D:2: 31 daAuts
